 Dungeon Crawl Stone Soup version 0.22.0 (webtiles) character file.

241 Sogov the Conjurer (level 5, -1/28 HPs)
             Began as a Deep Elf Fire Elementalist on Aug 10, 2018.
             Was a Follower of Vehumet.
             Killed from afar by an orc wizard (8 damage)
             ... with a puff of flame
             ... on level 4 of the Dungeon.
             The game lasted 00:06:34 (3496 turns).

Sogov the Conjurer (Deep Elf Fire Elementalist)     Turns: 3496, Time: 00:06:35

Health: -1/28      AC:  4    Str:  6    XL:     5   Next: 80%
Magic:  1/12       EV: 12    Int: 20    God:    Vehumet [*.....]
Gold:   182        SH:  4    Dex: 15    Spells: 8/11 levels left

rFire    . . .     SeeInvis .   (no weapon)
rCold    . . .     Gourm    .   d - +0 buckler
rNeg     . . .     Faith    .   a - +0 robe
rPois    .         Spirit   .   t - +0 helmet
rElec    .         Reflect  .   g - +0 cloak
rCorr    .         Harm     .   (no gloves)
MR       .....                  (no boots)
Stlth    ++........             (no amulet)
HPRegen  0.09/turn              (no ring)
MPRegen  0.13/turn              (no ring)

@: no status effects
A: no striking features
a: Renounce Religion


You were on level 4 of the Dungeon.
You worshipped Vehumet.
Vehumet was aware of your devotion.
You were not hungry.

You visited 1 branch of the dungeon, and saw 4 of its levels.

You collected 182 gold pieces.

Inventory:

Armour
 a - a +0 robe (worn)
 d - a +0 buckler (worn)
 e - a +0 leather armour of cold resistance
 g - a +0 cloak (worn)
 t - a +0 helmet (worn)
Jewellery
 o - an uncursed amulet of magic regeneration {unknown}
 p - an uncursed amulet of harm {unknown}
Wands
 s - a wand of polymorph (6)
Scrolls
 b - 4 scrolls of enchant weapon {unknown}
 h - 8 scrolls of identify {unknown}
 j - a scroll of noise {unknown}
 l - a scroll of remove curse {unknown}
 q - a scroll of immolation {unknown}
 r - a scroll of fear {unknown}
Potions
 f - 2 potions of invisibility {unknown}
 i - a potion of mutation {unknown}
 k - 2 potions of brilliance {unknown}
 m - 2 potions of curing {unknown}
 n - 3 potions of lignification {unknown}
Comestibles
 c - 7 rations
 u - a chunk of flesh


   Skills:
 - Level 2.4 Dodging
 - Level 2.4 Stealth
 + Level 2.3 Shields
 - Level 3.5 Spellcasting
 * Level 5.1 Conjurations
 - Level 3.2 Fire Magic


You had 8 spell levels left.
You knew the following spells:

 Your Spells              Type           Power        Failure   Level  Hunger
a - Flame Tongue          Conj/Fire      ###..        3%          1    None
b - Throw Flame           Conj/Fire      ###...       4%          2    ##.....

Your spell library contained the following spells:

 Spells                   Type           Power        Failure   Level  Hunger
 Fireball                 Conj/Fire      ###.......   63%         5    ######.
 Conjure Flame            Conj/Fire      ###.....     9%          3    ###....
 Sticky Flame             Conj/Fire      ###.....     28%         4    ####...
 Inner Flame              Hex/Fire       ##......     26%         3    ###....


Dungeon Overview and Level Annotations

Branches:
Dungeon (4/15)
 Temple: D:4-7

Altars:
Kikubaaqudgha
Makhleb
Nemelex Xobeh
Qazlal
Sif Muna
Vehumet
The Shining One


Message History

The orc wizard misses you.
The orc wizard points at you and mumbles some strange words.
The puff of frost misses you.
You see here a leather armour.
The orc wizard points at you and mumbles some strange words.
The puff of flame hits you!
* * * LOW HITPOINT WARNING * * *
Casting: Throw Flame (safe; 4% risk of failure)
Confirm with . or Enter, or press ? or * to list all spells.
Aiming: Throw Flame (safe; 4% risk of failure)
Press: ? - help, Shift-Dir - straight line, f - orc wizard
Aim: an orc wizard, wielding a dagger and wearing a robe (fast)
The puff of flame hits the orc wizard.
The orc wizard is heavily wounded.
The orc wizard casts a spell at you. The puff of frost misses you.
The orc wizard hits you but does no damage.
The orc wizard casts a spell at you. The puff of flame hits you!
You die...

S.[†[.....o.o....#.(.....####
################...###.(....#
######### #o..##.......#
........# #.#..#.......#
........########o##.........#
......)>......#8.8#.##......#
........#####...o...##......#
........# #####8.8####......#
........# #...##@##.##......#
######.## #......)..##.######
#.# ##.........##.#
#.###..........##.(
#..<#.#..#########.
##[...#.## ##....#.#
###..##...# #....##..##


You could see an orc wizard and 2 orcs.

Vanquished Creatures
  An orc priest (D:4)
  Natasha (thrice) (D:3)
  A hound skeleton (D:4)
  4 gnolls (D:2)
  2 adders
  3 worms (D:2)
  A dart slug (D:1)
  2 leopard geckos (D:3)
  3 orcs (D:4)
  A giant cockroach (D:1)
  6 goblins
  11 hobgoblins
  4 kobolds
  A quokka (D:3)
  2 ball pythons
  7 bats
  2 frilled lizards
  6 rats
60 creatures vanquished.

Notes
Turn   | Place    | Note
-------+----------+-------------------------------------------
     0 | D:1      | Sogov the Deep Elf Fire Elementalist began the quest for the Orb.
     0 | D:1      | Reached XP level 1. HP: 10/10 MP: 6/6
   278 | D:1      | Reached XP level 2. HP: 15/15 MP: 6/8
   382 | D:1      | Reached skill level 2 in Conjurations
   420 | D:1      | Learned a level 2 spell: Throw Flame
   724 | D:1      | Reached XP level 3. HP: 19/19 MP: 5/10
  1120 | D:2      | Found a burning altar of Makhleb.
  1140 | D:2      | Reached skill level 1 in Shields
  1143 | D:2      | Reached skill level 3 in Conjurations
  1247 | D:2      | Reached XP level 4. HP: 19/24 MP: 8/11
  1581 | D:2      | Found an ancient bone altar of Kikubaaqudgha.
  1581 | D:2      | Found a deep blue altar of Sif Muna.
  1586 | D:2      | Found a sparkling altar of Nemelex Xobeh.
  1590 | D:2      | Found a faded altar of an unknown god.
  1592 | D:2      | Found a radiant altar of Vehumet.
  1597 | D:2      | Became a worshipper of Vehumet
  1870 | D:2      | Found a stormy altar of Qazlal.
  2255 | D:3      | Found a glowing golden altar of the Shining One.
  2443 | D:3      | Noticed Natasha
  2447 | D:3      | Killed Natasha
  2447 | D:3      | Reached skill level 4 in Conjurations
  2795 | D:3      | Noticed Natasha
  2800 | D:3      | Killed Natasha
  2800 | D:3      | Reached XP level 5. HP: 16/28 MP: 8/12
  2930 | D:3      | Noticed Natasha
  3054 | D:3      | Killed Natasha
  3477 | D:4      | Reached * piety under Vehumet
  3477 | D:4      | Offered knowledge of Sting by Vehumet.
  3477 | D:4      | Reached skill level 5 in Conjurations
  3496 | D:4      | Killed from afar by an orc wizard

Skill      XL: |  1  2  3  4  5 |
---------------+----------------+-----
Conjurations   | 2 3 4 5 |  5.1
Shields        | 1 2 |  2.3
Dodging        | |  2.4
Stealth        | |  2.4
Spellcasting   | |  3.5
Fire Magic     | |  3.2

Action                   |  1- 3 |  4- 6 || total
-------------------------+-------+-------++-------
Melee: Unarmed           |       |     4 ||     4
 Cast: Flame Tongue      |    61 |    72 ||   133
       Throw Flame       |       |     6 ||     6
  Eat: Chunk             |     1 |     7 ||     8
Armor: Robe              |     4 |     3 ||     7
Dodge: Dodged            |    18 |    14 ||    32
Block: Buckler           |       |     4 ||     4
